 Dungeon Sprint DCSS version 0.29-a0-1043-g569b05d6ff (webtiles) character file.

Game seed: 4446729550865645645

2018 Hubris850 the Summoner (level 9, -3/57 HPs)
             Began as a Merfolk Summoner on Aug 15, 2022.
             Was a High Priest of Sif Muna.
             Slain by a freezing wraith (10 damage)
             ... in the Dungeon (Sprint VII: "The Pits").
             The game lasted 00:09:08 (1349 turns).

Hubris850 the Summoner (Merfolk Summoner)           Turns: 1349, Time: 00:09:09

Health: -3/57      AC:  4    Str: 12    XL:     9   Next: 23%
Magic:  6/23       EV: 13    Int: 16    God:    Sif Muna [*****.]
Gold:   0          SH:  0    Dex: 19    Spells: 5/29 levels left

rFire   . . .      SeeInvis .   r - +2 scimitar (flame)
rCold   . . .      Faith    .   (no shield)
rNeg    + . .      Spirit   .   m - +0 robe {rN+}
rPois   .          Reflect  .   (no helmet)
rElec   .          Harm     .   (no cloak)
rCorr   .          Rampage  .   t - +0 pair of gloves
Will    .....      NoTele   +   s - +0 pair of boots
Stlth   ++........              (no amulet)
HPRegen 0.19/turn               n - +3 ring of dexterity
MPRegen 0.18/turn               o - +3 ring of strength

@: no status effects
A: (nimble swimmer 2), mertail
a: Renounce Religion, Channel Magic, Forget Spell, Divine Exegesis


You were in the Dungeon.
You worshipped Sif Muna.
Sif Muna was extremely pleased with you.
You visited 1 branch

Inventory:

Hand Weapons
 h - a +2 falchion
 l - a +2 long sword of flaming
 r - a +2 scimitar of flaming (weapon)
Armour
 a - a +0 robe
 m - a +0 robe of positive energy (worn)
 s - a +0 pair of boots (worn)
 t - a +0 pair of gloves (worn)
Jewellery
 n - a +3 ring of dexterity (left hand)
 o - a +3 ring of strength (right hand)
Scrolls
 g - a scroll of blinking
 j - 5 scrolls of amnesia
 k - a scroll of summoning
Potions
 b - 5 potions of magic
 c - 7 potions of curing
 d - 6 potions of heal wounds
 e - 5 potions of haste
 f - 3 potions of berserk rage
 i - 2 potions of invisibility
 p - a potion of might
 q - a potion of mutation


   Skills:
 + Level 12.4 Long Blades
 - Level 2.6 Dodging
 - Level 2.1 Stealth
 + Level 10.8 Spellcasting
 + Level 12.4 Summonings
 - Level 5.0 Translocations


You had 5 spell levels left.
You knew the following spells:

 Your Spells              Type           Power      Damage    Failure   Level
a - Summon Small Mammal   Summ           100%       N/A       1%          1
b - Call Imp              Summ           48%        N/A       1%          2
c - Call Canine Familiar  Summ           48%        N/A       1%          3
d - Summon Guardian Gole  Hex/Summ       28%        N/A       1%          3
e - Summon Cactus Giant   Summ           24%        N/A       8%          6
f - Summon Forest         Summ/Tloc      18%        N/A       6%          5
g - Summon Lightning Spi  Summ/Air       28%        N/A       6%          4

Your spell library contained the following spells:

 Spells                   Type           Power      Damage    Failure   Level
 Lesser Beckoning         Tloc           24%        N/A       3%          3
 Teleport Other           Tloc           24%        N/A       3%          3
 Portal Projectile        Hex/Tloc       32%        N/A       9%          3
 Passage of Golubria      Tloc           24%        N/A       11%         4
 Summon Mana Viper        Hex/Summ       28%        N/A       19%         5
 Vampiric Draining        Necr           8%         2d6       26%         3
 Simulacrum               Ice/Necr       4%         N/A       100%        6


Dungeon Overview and Level Annotations

Branches:
Dungeon (1/1)

Altars:
Ashenzari
Cheibriados
Dithmenos
Elyvilon
Fedhas
Gozag
Hepliaklqana
Kikubaaqudgha
Makhleb
Nemelex Xobeh
Okawaru
Qazlal
Ru
Sif Muna
Trog
Uskayaw
Vehumet
Wu Jian
Xom
Yredelemnul
Zin
The Shining One
Jiyva
Lugonu


Innate Abilities, Weirdness & Mutations

((You are very nimble when in or above water. (Stealth+, EV+, Speed+++)))
Your lower body shifts to a powerful aquatic tail in water.


Message History

The freezing wraith hits your wolf.
The freezing wraith drains your wolf's vigour!
Your wolf seems to slow down.
Your wolf barely misses the white imp.
Something bites your wolf!
Your wolf dies!
Your wolf's corpse disappears in a puff of smoke!
The white imp gestures at you. The puff of frost hits you!
Your lightning spire shoots out a bolt of lightning at the white imp!
The bolt of electricity hits the freezing wraith.
The bolt of electricity hits the white imp!
The white imp dies!
Sif Muna accepts your kill.
Casting: Summon Lightning Spire (dangerous; 7% risk of failure)
Confirm with . or Enter, or press ? or * to list all spells.
The redback bites you! Something misses your wolf.
Something barely misses your wolf. The redback barely misses you.
You slash the redback! You burn the redback.
The redback is severely wounded.
Your wolf closely misses the redback.
The redback closely misses you. Something barely misses your wolf.
Something hits your wolf. Something drains your wolf's vigour!
Your wolf seems to slow down.
Unknown command.
You hit the redback. You burn the redback.
The redback is severely wounded.
The redback bites you!
Your wolf barely misses the redback.
Something hits your wolf! Something freezes your wolf!
Your wolf dies!
Your wolf's corpse disappears in a puff of smoke!
Unknown command.
You slash the redback! You burn the redback.
You kill the redback!
Sif Muna accepts your kill.
Unknown command.
The freezing wraith hits you!
* * * LOW HITPOINT WARNING * * *
The freezing wraith freezes you!
You die...

.'................+
##......#..#......#
##................#
#####'#####''######
##.......##''# ##### ##
##.......##..###...# ..+
##.......##...##.8.# ..#
##...<...###...##'##..##
##.......# ##...@......#
##.......#
#..###W###...#
##.......##..##.§.§. .#
###########..+.......+
###########..##.....##
....#..[.###. ###+###
....#...[# ## ....'..).#
....#..))#


You could see a freezing wraith (ally target) and a friendly lightning spire
(summoned).

Vanquished Creatures
  A freezing wraith (D)
  A nameless horror (D)
  A shadow (D)
  A fire bat (D)
  A redback (D)
  A floating eye (D)
  An iron imp (D)
  A river rat (D)
  A ball python (D)
  A quokka (D)
10 creatures vanquished.

Vanquished Creatures (collateral kills)
  Psyche (D)
  A kobold demonologist (D)
  A troll (D)
  A warg (D)
  A necrophage (D)
  A jelly (D)
  An adder (D)
  A river rat (D)
  2 white imps (D)
  An adder zombie (D)
  A worm (D)
  A ball python (D)
  A quokka (D)
  A frilled lizard (D)
  A jackal zombie (D)
  2 kobolds (D)
  A rat (D)
19 creatures vanquished.

Vanquished Creatures (others)
  A polar bear (D)
  An adder skeleton (D)
  An orc (D)
  An endoplasm (D)
4 creatures vanquished.

Grand Total: 33 creatures vanquished

Notes
Turn   | Place    | Note
-------+----------+-------------------------------------------
     0 | D        | Hubris850 the Merfolk Summoner began the quest for the Orb.
     0 | D        | Reached XP level 1. HP: 13/13 MP: 3/3
    41 | D        | Found a glowing golden altar of the Shining One.
    41 | D        | Found a glowing silver altar of Zin.
    41 | D        | Found a basalt altar of Yredelemnul.
    41 | D        | Found a shimmering altar of Xom.
    41 | D        | Found an ornate altar of the Wu Jian Council.
    41 | D        | Found a bloodstained altar of Trog.
    41 | D        | Found a shimmering blue altar of Sif Muna.
    41 | D        | Found a sacrificial altar of Ru.
    41 | D        | Found a stormy altar of Qazlal.
    41 | D        | Found an iron altar of Okawaru.
    41 | D        | Found a sparkling altar of Nemelex Xobeh.
    41 | D        | Found a burning altar of Makhleb.
    41 | D        | Found a viscous altar of Jiyva.
    41 | D        | Found a hazy altar of Hepliaklqana.
    41 | D        | Found an opulent altar of Gozag.
    41 | D        | Found a blossoming altar of Fedhas.
    41 | D        | Found a white marble altar of Elyvilon.
    41 | D        | Found a shadowy altar of Dithmenos.
    41 | D        | Found a snail-covered altar of Cheibriados.
    42 | D        | Found a radiant altar of Vehumet.
    42 | D        | Found a corrupted altar of Lugonu.
    43 | D        | Found an ancient bone altar of Kikubaaqudgha.
    43 | D        | Found a hide-covered altar of Uskayaw.
    43 | D        | Found a broken altar of Ashenzari.
    52 | D        | Became a worshipper of Sif Muna the Loreminder
    77 | D        | Reached * piety under Sif Muna
    85 | D        | Reached XP level 2. HP: 19/19 MP: 4/6
    88 | D        | Learned a level 2 spell: Call Imp
   232 | D        | Reached XP level 3. HP: 19/24 MP: 2/9
   233 | D        | Reached ** piety under Sif Muna
   307 | D        | Learned a level 3 spell: Call Canine Familiar
   311 | D        | Learned a level 3 spell: Summon Guardian Golem
   371 | D        | Reached skill level 1 in Long Blades
   377 | D        | Reached *** piety under Sif Muna
   378 | D        | Reached skill level 5 in Spellcasting
   378 | D        | Reached XP level 4. HP: 30/30 MP: 3/11
   383 | D        | Noticed a floating eye
   399 | D        | Paralysed by a floating eye for 4 turns
   404 | D        | Paralysed by a floating eye for 4 turns
   408 | D        | Killed a floating eye
   408 | D        | Reached **** piety under Sif Muna
   409 | D        | Reached XP level 5. HP: 35/35 MP: 8/14
   477 | D        | Reached XP level 6. HP: 41/41 MP: 9/16
   480 | D        | Noticed a polar bear
   494 | D        | Killed a polar bear
   495 | D        | Reached XP level 7. HP: 46/46 MP: 3/19
   604 | D        | Noticed a warg
   622 | D        | Reached ***** piety under Sif Muna
   622 | D        | Received a gift from Sif Muna
   631 | D        | Killed a warg
   632 | D        | Reached skill level 10 in Summonings
   647 | D        | Learned a level 6 spell: Summon Cactus Giant
   653 | D        | Learned a level 5 spell: Summon Forest
   750 | D        | Noticed Psyche
   764 | D        | Killed Psyche
   765 | D        | Reached skill level 10 in Long Blades
   765 | D        | Reached XP level 8. HP: 52/52 MP: 9/21
   884 | D        | Noticed a shadow
   891 | D        | Noticed a nameless horror
   899 | D        | Killed a nameless horror
   904 | D        | Killed a shadow
  1126 | D        | Received a gift from Sif Muna
  1127 | D        | Got Podadd's Incunabulum of Discontinuous Death {god gift}
  1133 | D        | Learned a level 4 spell: Summon Lightning Spire
  1293 | D        | Noticed a kobold demonologist
  1324 | D        | Killed a kobold demonologist
  1325 | D        | Reached skill level 10 in Spellcasting
  1325 | D        | Reached skill level 5 in Translocations
  1326 | D        | Noticed a troll
  1326 | D        | Noticed a freezing wraith
  1329 | D        | Killed a troll
  1336 | D        | Killed a freezing wraith
  1337 | D        | Reached XP level 9. HP: 56/57 MP: 10/23
  1339 | D        | Noticed a freezing wraith
  1349 | D        | Slain by a freezing wraith

Illustrated notes

Levels and vault maps discovered:
D:        pitsprint [storerooms_1, entrance_room_1, metal_vault_5, armoury_1,
          mini_pit_1, grid_room_1, main_hall_1, silver_pit, the_coven_3,
          the_vestibule_1, steel_vault_1, golden_pit, hallway_of_sentries,
          crystal_vault_1, iron_vault_1, final_vault]

Skill      XL: |  1  2  3  4  5  6  7  8 |
---------------+-------------------------+-----
Spellcasting   | 3 4 5 6 7 8 9 10 | 10.8
Summonings     | 6 8 9 10 12 | 12.4
Long Blades    | 3 6 7 9 10 12 | 12.4
Translocations | 3 5 |  5.0
Dodging        | |  2.6
Stealth        | |  2.1

Action                   |  1- 3 |  4- 6 |  7- 9 || total
-------------------------+-------+-------+-------++-------
Melee: Falchion          |    10 |       |       ||    10
       Long sword        |       |     8 |       ||     8
       Scimitar          |       |       |    21 ||    21
 Cast: Summon Small Mamm |     9 |       |       ||     9
       Call Imp          |     2 |     1 |     1 ||     4
       Call Canine Famil |     2 |     4 |     6 ||    12
       Summon Guardian G |       |     1 |     4 ||     5
       Summon Cactus Gia |       |       |     4 ||     4
       Summon Forest     |       |       |     1 ||     1
       Summon Lightning  |       |       |     1 ||     1
  Use: Potion            |       |       |     2 ||     2
 Stab: Distracted        |       |       |     1 ||     1
Armor: Robe              |     4 |       |     2 ||     6
Dodge: Dodged            |    15 |     3 |    15 ||    33

Table legend: (Time is in decaauts)
 A = Elapsed time spent in this place.
 B = Non-inter-level travel time spent in this place.
 C = Inter-level travel time spent in this place.
 D = Time resting spent in this place.
 E = Time spent auto-exploring this place.
 F = Levels seen in this place.
 G = Mean time per level.
                   A        B        C        D        E       F      G
               +--------+--------+--------+--------+--------+-----+--------+
         Total |   1347 |   1306 |     41 |    774 |      0 |   1 | 1347.0 |
       Dungeon |   1347 |   1306 |     41 |    774 |      0 |   1 | 1347.0 |
               +--------+--------+--------+--------+--------+-----+--------+

Top non-repeatable levels by time:
       D: 1347 daAuts
